 Dungeon Crawl Stone Soup version 0.22-a0-93-g6b88ebb (webtiles) character file.

102884 kibaces the Blocker (level 16, 0/118 HPs)
             Began as a Formicid Fighter on Jan 23, 2018.
             Was the Champion of Nemelex Xobeh.
             Slain by a nine-headed hydra (10 damage)
             ... on level 1 of the Swamp.
             The game lasted 01:31:15 (28854 turns).

kibaces the Blocker (Formicid Fighter)             Turns: 28854, Time: 01:31:16

Health: 0/118      AC: 22    Str: 21      XL:     16   Next: 87%
Magic:  16/16      EV: 15    Int: 10 (11) God:    Nemelex Xobeh [******]
Gold:   1990       SH: 20    Dex: 18      Spells: 15/15 levels left

rFire    . . .     SeeInvis +   a - +2 lajatang (elec)
rCold    + . .     Gourm    .   H - +2 shield {rC+}
rNeg     + + .     Faith    .   p - +2 chain mail {MR+}
rPois    +         Spirit   .   (helmet unavailable)
rElec    .         Reflect  +   V - +2 cloak
rCorr    .         Harm     .   T - +0 pair of gloves
MR       ++...                  A - +1 pair of boots
Stlth    ..........             U - +4 amulet of reflection
HPRegen  0.29/turn              E - +4 ring of dexterity
MPRegen  0.15/turn              O - ring of the Serpent {rPois rN++ Stlth-}

@: drained
A: permanent stasis, dig shafts and tunnels, four strong arms, antennae 3,
hooves 1, camouflage 1, blurry vision 1, frail 1, screaming 1, subdued magic 1
a: Dig, Shaft Self, Triple Draw, Deal Four, Stack Five, Renounce Religion


You were on level 1 of the Swamp.
You worshipped Nemelex Xobeh.
Nemelex Xobeh was exalted by your worship.
You were full.

You visited 4 branches of the dungeon, and saw 20 of its levels.
You also visited: Sewer and Bailey.

You collected 2146 gold pieces.
You spent 156 gold pieces at shops.

Inventory:

Hand Weapons
 a - a +2 lajatang of electrocution (weapon)
Armour
 p - a +2 chain mail of magic resistance (worn)
 A - a +1 pair of boots (worn)
 H - a +2 shield of cold resistance (worn)
 T - a +0 pair of gloves (worn)
 V - a +2 cloak (worn)
Jewellery
 k - an uncursed ring of protection from cold
 t - an uncursed ring of protection from fire
 v - an uncursed ring of protection from magic
 E - a +4 ring of dexterity (left hand)
 O - the ring of the Serpent (right hand) {rPois rN++ Stlth-}
   (You found it on level 6 of the Lair of Beasts)

   [ring of loudness]

   It protects you from poison.
   It greatly protects you from negative energy.
   It makes you less stealthy.
 U - a +4 amulet of reflection (around neck)
Wands
 B - a wand of acid (23)
 L - a wand of digging (31)
Scrolls
 e - 10 scrolls of remove curse
 g - 7 scrolls of enchant armour
 s - a scroll of magic mapping
 I - a scroll of fog
 N - 3 scrolls of identify
 Y - a scroll of fear
Potions
 d - 2 potions of cancellation
 l - 3 potions of might
 m - 6 potions of resistance
 n - 10 potions of curing
 o - 5 potions of heal wounds
 q - 4 potions of lignification
 u - 5 potions of flight
 w - 4 potions of invisibility
 F - 5 potions of agility
Miscellaneous
 h - a legendary deck of destruction
 i - an ornate deck of summoning {drawn: 3}
 j - an ornate deck of escape
 x - a plain deck of destruction
 C - a plain deck of summoning {drawn: 1}
 P - an ornate deck of escape
 Q - an ornate deck of escape
Comestibles
 f - 38 rations


   Skills:
 + Level 13.8(13.7) Fighting
 + Level 12.5 Staves
 + Level 13.7(13.6) Armour
 + Level 11.2 Dodging
 + Level 14.8(14.7) Shields


You had 15 spell levels left.
You didn't know any spells.

Dungeon Overview and Level Annotations

Branches:
Dungeon (11/15)            Temple (0/1) D:4            Lair (6/6) D:11
  Swamp (1/4) Lair:3       Spider (0/4) Lair:3        Slime (0/5) Lair:6
    Orc (2/2) D:9             Elf (0/3) Orc:2

Altars:
Ashenzari
Dithmenos
Fedhas
Gozag
Kikubaaqudgha
Nemelex Xobeh
Okawaru
Ru
Sif Muna
Trog
Vehumet
Xom
Zin
Beogh

Shops:
Orc:2 *=[!

Annotations:
Lair:1 exclusion: 2 oklob plants


Innate Abilities, Weirdness & Mutations

You cannot be hasted, slowed, berserked, paralysed or teleported.
You can dig through walls and to a lower floor.
Your four strong arms can wield two-handed weapons with a shield.
You have a pair of large antennae on your head. (SInv)
You have large cloven feet.
Your skin changes colour to match your surroundings (Stealth+).
Scrolls take you a little longer to read.
You are frail. (-10% HP)
You occasionally shout uncontrollably at your foes.
Your spells are a little easier to cast, but a little less powerful.


Message History

You block the spiny frog's attack.
Your centaur shoots an arrow.
The arrow hits the nine-headed hydra!
The arrow disappears in a puff of smoke!
You block the alligator's attack.
The alligator tail-slaps you but does no damage.
Your centaur shoots an arrow.
The arrow hits the spiny frog.
The arrow disappears in a puff of smoke!
You block the nine-headed hydra's attack.
The nine-headed hydra misses you. The nine-headed hydra bites you!
* * * LOW HITPOINT WARNING * * *
The nine-headed hydra bites you!
* * * LOW HITPOINT WARNING * * *
The nine-headed hydra bites you but does no damage.
The nine-headed hydra bites you!
* * * LOW HITPOINT WARNING * * *
The nine-headed hydra completely misses you.
The nine-headed hydra bites you but does no damage.
The nine-headed hydra bites you!
You die...
Your body glows with a rainbow of weird colours and disappears.

♣..♣)$...♣♣ ♣.≈..♣
♣≈.....♣♣.♣ ♣≈≈≈♣♣ ♣
♣§≈≈≈≈.♣♣.♣ ♣♣.≈>♣ ♣.
♣.≈≈....♣.♣ ♣....♣ ♣.≈
♣c≈≈.≈≈.♣.♣ ♣.≈♣.♣
♣..♣.?.....♣.♣ ♣.≈≈.♣♣
♣..≈c..≈.....♣ ♣≈≈≈..♣♣
♣♣.≈≈≈.DFt..≈.♣♣♣≈♣≈.≈≈♣♣
≈≈..≈≈≈.@@.≈.≈.♣..≈≈≈.♣..♣
♣≈≈≈≈≈≈≈≈(.≈..≈...♣≈≈.≈≈≈.
≈≈.≈≈≈≈≈≈≈≈.≈≈≈≈≈.♣....≈≈≈.
n§≈♣≈≈≈...≈.≈≈≈≈≈≈..♣♣....≈
.≈.....≈≈≈≈≈♣≈♣≈≈.≈♣♣♣♣..≈≈
♣♣♣♣♣♣..§≈≈≈≈≈≈≈.♣♣ ♣♣≈≈≈
.≈♣♣...≈.≈≈≈.♣♣ ♣♣≈.
..≈♣♣≈.≈≈≈≈..♣ ♣♣♣
....≈.≈≈.♣.≈.♣


You could see an alligator, a nine-headed hydra, a spiny frog, 2 friendly
centaurs, a friendly enchanted hand axe and the friendly kibaces's illusion.

Vanquished Creatures
  An orc warlord (Bailey)
  5 dire elephants (Lair:6)
  Josephine (Orc:2)
  3 hydras
  A centaur warrior (D:10)
  An anaconda (Lair:6)
  3 two-headed ogres
  4 orc high priests (Orc:2)
  Nergalle (D:11)
  2 unseen horrors
  5 orc knights
  2 swamp dragons (Swamp:1)
  5 orc sorcerers (Orc:2)
  An orb spider (Lair:3)
  A cyclops (D:11)
  A manticore (D:11)
  12 elephants
  Joseph (D:7)
  3 black mambas
  10 spiny frogs
  Psyche (D:11)
  A centaur skeleton (D:11)
  A gargoyle (D:9)
  A kobold demonologist (D:9)
  A rime drake (Lair:6)
  5 komodo dragons
  A queen bee (Lair:4)
  4 tyrant leeches
  A hornet (Swamp:1)
  2 trolls
  Grinder (D:4)
  A polar bear (Lair:6)
  7 blink frogs
  7 dream sheep (Lair:6)
  5 slime creatures
  9 hippogriffs
  5 wraiths
  2 wyverns
  Sigmund (D:2)
  A spriggan (Swamp:1)
  46 yaks
  5 basilisks
  4 hogs (D:10)
  2 hungry ghosts
  A human (D:10)
  Edmund (D:4)
  3 swamp worms
  Menkaure (D:7)
  5 wargs
  12 porcupines
  10 water moccasins
  3 ice beasts
  34 orc warriors
  2 black bears
  4 phantoms
  5 wolves (Lair:3)
  16 ogres
  2 centaurs (D:9)
  A necrophage (D:7)
  11 crocodiles
  6 big kobolds
  12 bullfrogs
  A water moccasin zombie (D:4)
  4 scorpions
  A water moccasin skeleton (D:11)
  16 killer bees (Lair:4)
  14 wights
  6 howler monkeys
  3 bullfrog zombies
  A centaur zombie (D:6)
  2 crimson imps
  6 hounds
  2 jellies
  27 orc priests
  Crazy Yiuf (D:4)
  2 bullfrog skeletons
  3 iguanas
  Terence (D:2)
  26 orc wizards
  14 worker ants
  2 killer bee zombies
  A howler monkey zombie (D:9)
  A worker ant zombie (D:10)
  5 gnolls
  14 adders
  2 howler monkey skeletons
  2 river rats
  A shadow imp (D:9)
  4 oozes
  2 adder zombies
  2 worms
  2 dart slugs
  7 leopard geckos
  88 orcs
  3 ball pythons
  11 giant cockroaches
  12 goblins
  11 hobgoblins
  A jackal (Sewer)
  7 quokkas
  7 bats
  4 frilled lizards
  A jackal skeleton (D:4)
  A jackal zombie (D:5)
  41 kobolds
  8 rats
  5 plants (Lair:6)
681 creatures vanquished.

Vanquished Creatures (collateral kills)
  Saint Roka (Orc:2)
  A hydra (Swamp:1)
  The ghost of tilp the Destroyer, a journeyman DrCj of Vehumet (D:9)
  A catoblepas (Lair:3)
  A two-headed ogre (D:9)
  A spiny frog (Lair:6)
  3 meliai (Lair:4)
  A troll (Orc:2)
  A hippogriff (Lair:6)
  4 dream sheep (Lair:6)
  A yak (D:9)
  A porcupine (Lair:3)
  A water moccasin (Lair:3)
  A swamp drake (Swamp:1)
  3 orc warriors
  A centaur (D:11)
  A crocodile (Lair:6)
  5 killer bees (Lair:4)
  A howler monkey (D:11)
  A quasit (D:11)
  An ooze (Lair:6)
  An orc (Orc:2)
33 creatures vanquished.

Vanquished Creatures (others)
  An orc (Orc:2)
  9 fungi
  3 plants
13 creatures vanquished.

Grand Total: 727 creatures vanquished

Notes
Turn   | Place    | Note
-------+----------+-------------------------------------------
     0 | D:1      | kibaces the Formicid Fighter began the quest for the Orb.
     0 | D:1      | Reached XP level 1. HP: 18/18 MP: 1/1
   270 | D:1      | Reached XP level 2. HP: 24/24 MP: 2/2
   678 | D:1      | You fall through a shaft!
   705 | D:2      | Reached skill level 4 in Shields
   705 | D:2      | Reached XP level 3. HP: 20/30 MP: 3/3
  1173 | D:2      | Found a shattered altar of Ashenzari.
  1203 | D:2      | Reached XP level 4. HP: 37/37 MP: 4/4
  1234 | D:2      | Noticed Terence
  1246 | D:2      | Killed Terence
  1293 | D:2      | Noticed Sigmund
  1417 | D:3      | Reached XP level 5. HP: 32/42 MP: 5/5
  2015 | D:2      | Found a blossoming altar of Fedhas.
  2015 | D:2      | Found a sacrificial altar of Ru.
  2591 | D:3      | Reached XP level 6. HP: 49/49 MP: 6/6
  2683 | D:3      | Found a sacrificial altar of Ru.
  2720 | D:3      | Reached skill level 5 in Shields
  3151 | D:4      | Reached skill level 1 in Dodging
  3172 | D:4      | Found a staircase to the Ecumenical Temple.
  3204 | D:4      | Reached XP level 7. HP: 26/55 MP: 7/7
  3383 | D:4      | Reached skill level 5 in Armour
  3403 | D:4      | Reached skill level 5 in Fighting
  3443 | D:4      | Found a glowing drain.
  3447 | Sewer    | Entered a sewer
  3767 | Sewer    | Found a glowing silver altar of Zin.
  3839 | D:4      | Found an ancient bone altar of Kikubaaqudgha.
  3840 | D:4      | Found a radiant altar of Vehumet.
  3941 | D:4      | Noticed Edmund
  3991 | D:4      | Killed Edmund
  3991 | D:4      | Reached XP level 8. HP: 18/62 MP: 8/8
  3993 | D:4      | Reached skill level 6 in Shields
  4221 | D:4      | Noticed Grinder
  4444 | D:2      | Found a sparkling altar of Nemelex Xobeh.
  4449 | D:2      | Became a worshipper of Nemelex Xobeh the Trickster
  4686 | D:2      | Killed Sigmund
  4812 | D:2      | Found a shadowy altar of Dithmenos.
  4893 | D:4      | Received a gift from Nemelex Xobeh
  4996 | D:4      | Found a runed door.
  5000 | D:4      | Noticed Crazy Yiuf
  5008 | D:4      | Killed Crazy Yiuf
  5355 | D:5      | Entered Level 5 of the Dungeon
  5548 | D:5      | Found a deep blue altar of Sif Muna.
  5954 | D:5      | Reached skill level 5 in Staves
  5954 | D:5      | Reached XP level 9. HP: 50/69 MP: 9/9
  6240 | D:5      | Reached * piety under Nemelex Xobeh
  6373 | D:5      | Reached skill level 7 in Shields
  6472 | D:6      | Found a bloodstained altar of Trog.
  6484 | D:6      | Got a glittering bone ring
  6668 | D:6      | Found a shimmering altar of Xom.
  6668 | D:6      | Found a shimmering altar of Xom.
  6669 | D:6      | Found a shimmering altar of Xom.
  6669 | D:6      | Found a shimmering altar of Xom.
  6670 | D:6      | Found a shimmering altar of Xom.
  6671 | D:6      | Found a shimmering altar of Xom.
  7031 | D:7      | Found a glowing silver altar of Zin.
  7109 | D:7      | Noticed Joseph
  7219 | D:7      | Found an iron altar of Okawaru.
  7423 | D:7      | Noticed Menkaure
  7436 | D:7      | Killed Menkaure
  7519 | D:7      | Noticed a two-headed ogre
  7544 | D:7      | Identified the ring of Potaqox {MR+ MP+9} (You found it on level 6 of the Dungeon)
  8043 | D:7      | Killed a two-headed ogre
  8043 | D:7      | Reached skill level 8 in Shields
  8043 | D:7      | Reached XP level 10. HP: 61/79 MP: 10/10
  8172 | D:7      | Killed Joseph
  8172 | D:7      | Reached skill level 5 in Dodging
  8187 | D:8      | Received a gift from Nemelex Xobeh
  8498 | D:8      | Reached ** piety under Nemelex Xobeh
  9057 | D:9      | Noticed tilp's ghost (journeyman DrCj)
  9080 | D:9      | Killed tilp's ghost
  9084 | D:9      | Noticed a two-headed ogre
  9097 | D:9      | Killed a two-headed ogre
  9097 | D:9      | Reached skill level 9 in Shields
  9174 | D:9      | Found a staircase to the Orcish Mines.
  9226 | D:9      | Noticed an unseen horror
  9237 | D:9      | Killed an unseen horror
  9237 | D:9      | Reached XP level 11. HP: 20/87 MP: 11/11
  9257 | D:9      | Found an iron altar of Okawaru.
  9260 | D:9      | Found a flagged portal.
  9276 | Bailey   | Entered a bailey
  9325 | Bailey   | Noticed an orc warlord
  9566 | Bailey   | Found a runed gate.
  9568 | Bailey   | Found a runed gate.
  9569 | Bailey   | Found a runed gate.
  9579 | Bailey   | Noticed an orc knight
  9603 | Bailey   | Killed an orc knight
  9765 | Bailey   | Killed an orc warlord
 10220 | D:9      | Reached skill level 10 in Shields
 10251 | D:9      | Noticed a soul eater
 10334 | D:9      | Identified Qyboehi's Grimoire of the Disturbing Souls
 10352 | D:9      | Got a brightly glowing robe
 10363 | D:9      | Identified the +1 robe of Kywisad {MR+ Slay+6} (You took it off a kobold demonologist on level 9 of the Dungeon)
 10624 | D:4      | Killed Grinder
 11666 | D:9      | Received a gift from Nemelex Xobeh
 11707 | D:9      | Reached XP level 12. HP: 33/97 MP: 12/12
 12024 | D:9      | Gained mutation: Scrolls take you a little longer to read. [potion of mutation]
 12024 | D:9      | Gained mutation: Your magical capacity is low. (-10% MP) [potion of mutation]
 12024 | D:9      | Gained mutation: Your flesh is heat resistant. (rF+) [potion of mutation]
 12025 | D:9      | Lost mutation: Your magical capacity is low. (-10% MP) [potion of mutation]
 12025 | D:9      | Lost mutation: Your flesh is heat resistant. (rF+) [potion of mutation]
 12025 | D:9      | Lost mutation: Scrolls take you a little longer to read. [potion of mutation]
 12025 | D:9      | Gained mutation: You evolve. [potion of mutation]
 12025 | D:9      | Gained mutation: You possess an exceptional clarity of mind. [potion of mutation]
 12059 | D:10     | Entered Level 10 of the Dungeon
 12140 | D:10     | Noticed a centaur warrior
 12156 | D:10     | Killed a centaur warrior
 12258 | D:10     | Noticed an unseen horror
 12274 | D:10     | Killed an unseen horror
 12287 | D:10     | Noticed a two-headed ogre
 12300 | D:10     | Killed a two-headed ogre
 12300 | D:10     | Reached skill level 10 in Fighting
 12300 | D:10     | Reached skill level 10 in Armour
 12406 | D:10     | Reached *** piety under Nemelex Xobeh
 12413 | D:10     | Gained mutation: You have large cloven feet. [evolution]
 12563 | D:10     | Reached skill level 11 in Shields
 12793 | D:10     | Found an opulent altar of Gozag.
 13430 | D:11     | Noticed Nergalle
 13450 | D:11     | Killed Nergalle
 13753 | D:11     | Gained mutation: Scrolls take you a little longer to read. [evolution]
 14117 | D:11     | Noticed Psyche
 14126 | D:11     | Killed Psyche
 14186 | D:11     | Found a staircase to the Lair.
 14224 | Lair:1   | Entered Level 1 of the Lair of Beasts
 14227 | Lair:1   | Received a gift from Nemelex Xobeh
 14350 | Lair:1   | Reached XP level 13. HP: 16/104 MP: 13/13
 14750 | Lair:1   | Received a gift from Nemelex Xobeh
 15323 | Lair:1   | Reached skill level 10 in Staves
 15323 | Lair:1   | Reached skill level 12 in Shields
 15323 | Lair:1   | Reached XP level 14. HP: 113/113 MP: 14/14
 15324 | Lair:1   | Reached XP level 15. HP: 120/120 MP: 15/15
 15761 | Lair:2   | Reached **** piety under Nemelex Xobeh
 15805 | Lair:2   | Received a gift from Nemelex Xobeh
 16222 | Lair:2   | Received a gift from Nemelex Xobeh
 16759 | Lair:3   | Reached skill level 13 in Shields
 17037 | Lair:3   | Found a staircase to the Swamp.
 17171 | Lair:3   | Received a gift from Nemelex Xobeh
 17223 | Lair:3   | Found a hole to the Spider Nest.
 17814 | Lair:3   | Received a gift from Nemelex Xobeh
 18726 | Lair:3   | Lost mutation: Scrolls take you a little longer to read. [potion of mutation]
 18726 | Lair:3   | Lost mutation: You evolve. [potion of mutation]
 18726 | Lair:3   | Lost mutation: You possess an exceptional clarity of mind. [potion of mutation]
 18726 | Lair:3   | Gained mutation: Scrolls take you a little longer to read. [potion of mutation]
 18726 | Lair:3   | Gained mutation: You are frail. (-10% HP) [potion of mutation]
 18726 | Lair:3   | Gained mutation: Your skin changes colour to match your surroundings (Stealth+). [potion of mutation]
 18769 | Lair:4   | Reached ***** piety under Nemelex Xobeh
 18806 | Lair:4   | Reached skill level 10 in Dodging
 19303 | Lair:4   | Received a gift from Nemelex Xobeh
 19375 | Lair:4   | HP: 1/109 [meliai/divine providence (13)]
 20465 | Lair:5   | Received a gift from Nemelex Xobeh
 20522 | Lair:5   | You fall through a shaft!
 20522 | Lair:6   | Entered Level 6 of the Lair of Beasts
 21153 | Lair:6   | Found a staircase to the Slime Pits.
 21340 | Lair:5   | Received a gift from Nemelex Xobeh
 21389 | Lair:5   | Identified a scroll of acquirement
 21800 | Lair:5   | Reached XP level 16. HP: 116/116 MP: 16/16
 22042 | Lair:5   | Received a gift from Nemelex Xobeh
 22579 | Lair:6   | Reached skill level 14 in Shields
 23631 | Lair:6   | Got a shimmering gossamer ring
 23633 | Lair:6   | Identified the ring of the Serpent {rPois rN++ Stlth-} (You found it on level 6 of the Lair of Beasts)
 23859 | Orc:1    | Entered Level 1 of the Orcish Mines
 23960 | Orc:1    | Found a roughly hewn altar of Beogh.
 24177 | Orc:1    | Received a gift from Nemelex Xobeh
 24177 | Orc:1    | Received a gift from Nemelex Xobeh
 24434 | Orc:2    | Entered Level 2 of the Orcish Mines
 24469 | Orc:2    | Reached ****** piety under Nemelex Xobeh
 24530 | Orc:2    | Noticed Josephine
 24777 | Orc:2    | Killed Josephine
 25237 | Orc:2    | Found Xeso's Distillery.
 25253 | Orc:2    | Bought a potion of heal wounds for 60 gold pieces
 25253 | Orc:2    | Bought a potion of heal wounds for 60 gold pieces
 25253 | Orc:2    | Bought a potion of curing for 36 gold pieces
 25268 | Orc:2    | Found a roughly hewn altar of Beogh.
 25482 | Orc:2    | Found Oniad's Armour Shop.
 26226 | Orc:2    | Noticed Saint Roka
 26292 | Orc:2    | Killed Saint Roka
 26872 | Orc:2    | Found Kubithoy's General Store.
 27029 | Orc:2    | Gained mutation: You occasionally shout uncontrollably at your foes. [a neqoxec]
 27033 | Orc:2    | Gained mutation: Your spells are a little easier to cast, but a little less powerful. [a neqoxec]
 27265 | Orc:2    | Found a roughly hewn altar of Beogh.
 27273 | Orc:2    | Found Gouf's Jewellery Shop.
 27688 | Orc:2    | Found a staircase to the Elven Halls.
 28069 | Swamp:1  | Entered Level 1 of the Swamp
 28854 | Swamp:1  | Slain by a nine-headed hydra

Vault maps used:
D:1:      giann_wishing_wells
D:2:      lemuel_crystal_altar, lemuel_coloured_pillars_altar,
          evilmike_ruin_ashenzari, nicolae_overflow_hidden_temple, uniq_sigmund,
          uniq_terence
D:3:      wad_river_or_something, serial_bayou_pond_e, minmay_misc_feat_hallway,
          nicolae_ru_sacrificial_ziggurat
D:4:      gammafunk_temple_overflow_statue, minmay_temple_entry_poolview,
          first_ration, gup_sewer_entry_bowl, uniq_edmund,
          uniq_crazy_yiuf_cottage, uniq_grinder
D:5:      kennysheep_mini_moat
D:6:      xom_redecorated, old_standard_altar, kennysheep_generic_room_14
D:7:      lemuel_doored_altar, marbit_many_paths, uniq_menkaure, uniq_joseph
D:9:      minmay_the_grid_triangle_9x9_rhombus_thin, orc_0_dummy, basic_altar,
          enter_bailey_3
D:10:     grunt_livestock, nicolae_gozag_cash_rules_everything_around_me
D:11:     erik_lair_orcish_takeover, uniq_nergalle, uniq_psyche
Lair:1:   disabler_island
Lair:3:   minmay_swamp_entry_worms, nicolae_spider_entry_orb_guardian
Lair:4:   serial_forest, infiniplex_forest_clump_long, infiniplex_forest_3_way,
          infiniplex_forest_3_way, infiniplex_forest_clump_small,
          infiniplex_forest_end_2
Lair:5:   minmay_holes, infiniplex_staircase_pool_2
Lair:6:   due_jungle_book, nicolae_slime_entry_slimehenge
Swamp:1:  serial_swamp_ruin, evilmike_swamp_ruin_rubble_2,
          evilmike_swamp_ruin_house_2
Orc:1:    mines1_david
Orc:2:    pubby_orc_utopia, uniq_josephine
Sewer:    sewer_kobolds
Bailey:   bailey_axe_bossmonster_kennysheep, bailey

Skill      XL: |  1  2  3  4  5  6  7  8  9 10 11 12 13 14 15 16 |
---------------+-------------------------------------------------+-----
Shields        | 4 5 6 8 9 10 11 12 13 14 | 14.8
Fighting       | 4 5 6 7 8 9 10 11 12 13 | 13.8
Armour         | 4 5 6 7 8 9 10 11 12 13 | 13.7
Staves         | 3 4 5 6 7 8 9 10 11 12 | 12.5
Dodging        | 1 2 3 4 5 7 8 9 10 11 | 11.2

Action                   |  1- 3 |  4- 6 |  7- 9 | 10-12 | 13-15 | 16-18 || total
-------------------------+-------+-------+-------+-------+-------+-------++-------
Melee: Quarterstaff      |    91 |   145 |   417 |   945 |   891 |       ||  2489
       Lajatang          |       |       |       |       |    17 |   688 ||   705
Invok: Triple Draw       |       |       |       |       |     1 |       ||     1
 Abil: Dig               |       |       |       |       |       |    10 ||    10
Evoke: Wand              |       |       |     4 |       |       |     1 ||     5
       Deck              |       |       |       |     6 |    11 |    12 ||    29
  Use: Scroll            |       |     2 |     7 |    12 |    13 |     1 ||    35
       Potion            |       |       |     1 |     5 |     6 |     1 ||    13
 Stab: Paralysed         |       |       |     1 |       |       |       ||     1
       Confused          |       |       |     2 |     1 |       |       ||     3
       Petrified         |       |       |     1 |       |       |     1 ||     2
       Petrifying        |       |       |     1 |       |       |       ||     1
       Distracted        |       |       |       |     1 |       |       ||     1
       Sleeping          |       |       |       |       |       |     1 ||     1
  Eat: Chunk             |     1 |     6 |    11 |    39 |    22 |       ||    79
       Ration            |       |       |     1 |     1 |       |     8 ||    10
Armor: Scale mail        |    41 |    55 |   101 |   214 |   253 |    63 ||   727
       Chain mail        |       |       |       |       |       |    90 ||    90
Dodge: Dodged            |    37 |    39 |   133 |   367 |   414 |   262 ||  1252
       Deflected         |       |       |       |    20 |       |       ||    20
Block: Shield            |    48 |    78 |   221 |   633 |   716 |   631 ||  2327
       Reflection        |       |       |       |       |       |    17 ||    17

Table legend:
 A = Spawn XP
 B = Non-spawn XP
 C = Spawn XP percentage of total XP
 D = Spawn monster count
 E = Non-spawn monster count
 F = Spawn count percentage of total count
 G = Total turns spent on level
                    A         B        C        D         E        F      G
               +---------+---------+-------+---------+---------+-------+---------
         Total |       0 |   99296 |   0.0 |       0 |     709 |   0.0 | 28854
               +---------+---------+-------+---------+---------+-------+---------
           D:1 |       0 |      25 |   0.0 |       0 |      11 |   0.0 |   678
           D:2 |       0 |     312 |   0.0 |       0 |      25 |   0.0 |  1264
           D:3 |       0 |     210 |   0.0 |       0 |      27 |   0.0 |  1789
           D:4 |       0 |    1083 |   0.0 |       0 |      27 |   0.0 |  1498
           D:5 |       0 |     728 |   0.0 |       0 |      24 |   0.0 |  1108
           D:6 |       0 |     404 |   0.0 |       0 |      12 |   0.0 |   337
           D:7 |       0 |    2364 |   0.0 |       0 |      33 |   0.0 |  1473
           D:8 |       0 |     531 |   0.0 |       0 |      16 |   0.0 |   898
           D:9 |       0 |    7179 |   0.0 |       0 |      57 |   0.0 |  1991
          D:10 |       0 |    5084 |   0.0 |       0 |      43 |   0.0 |  1351
          D:11 |       0 |    5527 |   0.0 |       0 |      44 |   0.0 |   878
        Lair:1 |       0 |    2820 |   0.0 |       0 |      12 |   0.0 |  1539
        Lair:2 |       0 |    3079 |   0.0 |       0 |      19 |   0.0 |  1022
        Lair:3 |       0 |   10687 |   0.0 |       0 |      40 |   0.0 |  2627
        Lair:4 |       0 |    7989 |   0.0 |       0 |      45 |   0.0 |  1387
        Lair:5 |       0 |    4161 |   0.0 |       0 |      16 |   0.0 |  1256
        Lair:6 |       0 |   17702 |   0.0 |       0 |      54 |   0.0 |  2374
       Swamp:1 |       0 |    4193 |   0.0 |       0 |      13 |   0.0 |   238
         Orc:1 |       0 |    1465 |   0.0 |       0 |      13 |   0.0 |   821
         Orc:2 |       0 |   21103 |   0.0 |       0 |     146 |   0.0 |  3184
         Sewer |       0 |     125 |   0.0 |       0 |      11 |   0.0 |   364
        Bailey |       0 |    2525 |   0.0 |       0 |      21 |   0.0 |   777
               +---------+---------+-------+---------+---------+-------+---------
